 Dungeon Crawl Stone Soup version 0.30-a0-297-g0ec75d9ef4 (webtiles) character file.

Game seed: 7854139742468280233

579290 freelancePsychic the Acrobat (level 25, 0/180 HPs)
             Began as a Deep Elf Venom Mage on Oct 17, 2022.
             Was the Champion of Ashenzari.
             Killed from afar by a hellion (16 damage)
             ... with damnation
             ... on level 17 of a ziggurat on Oct 18, 2022.
             The game lasted 03:10:02 (73676 turns).

freelancePsychic the Acrobat (Deep Elf Venom Mage) Turns: 73676, Time: 03:10:02

Health: 0/180      AC: 29    Str:  5    XL:     25   Next: 88%
Magic:  56/56      EV: 30    Int: 35    God:    Ashenzari [******]
Gold:   3499       SH: 15    Dex: 21    Spells: 12/78 levels left

rFire   + . .      SeeInvis +    W - staff of fire (curse) {Self, Bglg}
rCold   + . .      Faith    .    d - +0 kite shield of Apeoromancy {reflect, Self, Fort} (curse)
rNeg    + + +      Spirit   .    O - +3 troll leather armour "Clairvoyant Trepidation" {Regen+, Alch, Elem} (curse)
rPois   ∞          Reflect  +    N - +2 hat "Gaze Upon Infinity" {+Blink rPois Int+4, Elem, Self} (curse)
rElec   .          Harm     .    T - +2 cloak of the Fated Portent {Stlth+, Fort, Elem} (curse)
rCorr   .          Rampage  .    Q - +0 pair of gloves of Ashenzari's Suspicion {Self, Comp} (curse)
Will    ++++.      Clarity  +    i - +2 pair of boots of the Fated Yoke {Fly, Self, Evo} (curse)
Stlth   +++++++...               y - amulet of Vitality {RegenMP++ Regen++, Melee, Fort} (curse)
HPRegen 2.90/turn                H - ring "Cryptic Dissatisfaction" {rF+, Elem, Comp} (curse)
MPRegen 1.15/turn                V - ring "Per Aspera Ad Scientiam" {Will+ AC+4 Dex+4, Cun, Alch} (curse)

@: lich-form, death channelling, weakened, fire vulnerable, flying, very
slightly contaminated, studying 3 skills
A: draining attack, torment immunity, no potions
}: 3/15 runes: decaying, slimy, gossamer
a: End Transformation, Renounce Religion, Evoke Blink, Shatter the Chains


You were on level 17 of a ziggurat.
You worshipped Ashenzari.
Ashenzari was exalted by your worship.
You were an undead lich.
You visited 10 branches of the dungeon, and saw 49 of its levels.
You visited 1 bazaar.
You visited 1 ziggurat, and saw 17 of its levels.
You also visited: Desolation.

You collected 7735 gold pieces.
You spent 4236 gold pieces at shops.

Inventory:

Hand Weapons
 U - the +8 mithril axe "Arga" {speed, Will+}
   (You found it on level 5 of the Pits of Slime)

   Attacks with this weapon are significantly faster.
   Will:      It increases your willpower.
Missiles
 G - 9 throwing nets
Armour
 d - the cursed +0 kite shield of Apeoromancy (worn) {reflect, Self, Fort}
   (You took it off Donald on level 2 of the Swamp)

   It has a curse which improves the following skills: Introspection: Fighting
   and Spellcasting.
   Fortitude: Armour and Shields.
 i - the cursed +2 pair of boots of the Fated Yoke (worn) {Fly, Self, Evo}
   (You bought it in a shop in a bazaar)

   It has a curse which improves the following skills: Introspection: Fighting
   and Spellcasting.
   Evocations: Evocations.
 N - the cursed +2 hat "Gaze Upon Infinity" (worn) {+Blink rPois Int+4, Elem, Self}
   (You found it on level 4 of the Spider Nest)

   Int:       It affects your intelligence (+4).
   rPois:     It protects you from poison.
   +Blink:    It lets you blink.
   It has a curse which improves the following skills: Elements: Fire Magic, Ice
   Magic, Air Magic and Earth Magic.
   Introspection: Fighting and Spellcasting.
 O - the cursed +3 troll leather armour "Clairvoyant Trepidation" (worn) {Regen+, Alch, Elem}
   (You found it on level 2 of the Orcish Mines)

   Regen:     It increases your rate of health regeneration.
   It has a curse which improves the following skills: Alchemy: Poison Magic and
   Transmutations.
   Elements:  Fire Magic, Ice Magic, Air Magic and Earth Magic.
 Q - the cursed +0 pair of gloves of Ashenzari's Suspicion (worn) {Self, Comp}
   (You found it on level 12 of the Dungeon)

   It has a curse which improves the following skills: Introspection: Fighting
   and Spellcasting.
   Companions: Summonings and Necromancy.
 T - the cursed +2 cloak of the Fated Portent (worn) {Stlth+, Fort, Elem}
   (You took it off Maurice on level 12 of the Dungeon)

   It has a curse which improves the following skills: Fortitude: Armour and
   Shields.
   Elements:  Fire Magic, Ice Magic, Air Magic and Earth Magic.
Magical Staves
 W - a cursed staff of fire (weapon) {Self, Bglg}
Jewellery
 y - the cursed amulet of Vitality (around neck) {RegenMP++ Regen++, Melee, Fort}
   (You found it on level 5 of the Pits of Slime)

   [amulet of magic regeneration]

   It increases your rate of magic regeneration.
   Regen:     It increases your rate of health regeneration.
   It has a curse which improves the following skills: Melee Combat: Short
   Blades, Long Blades, Axes, Maces & Flails, Polearms, Staves and Unarmed
   Combat.
   Fortitude: Armour and Shields.
 z - a +6 ring of strength
 H - the cursed ring "Cryptic Dissatisfaction" (left hand) {rF+, Elem, Comp}
   (You found it on level 11 of the Dungeon)

   [ring of protection from fire]

   rF:        It protects you from fire.
   It has a curse which improves the following skills: Elements: Fire Magic, Ice
   Magic, Air Magic and Earth Magic.
   Companions: Summonings and Necromancy.
 K - the ring of Guntatypt {rF+ rCorr}
   (You took it off a vault sentinel on level 1 of the Vaults)

   [ring of resist corrosion]

   rF:        It protects you from fire.
   rCorr:     It protects you from acid and corrosion.
 R - a ring of fire
 V - the cursed ring "Per Aspera Ad Scientiam" (right hand) {Will+ AC+4 Dex+4, Cun, Alch}
   (You bought it in a shop on level 15 of the Dungeon)

   [ring of protection]

   AC:        It affects your AC (+4).
   Dex:       It affects your dexterity (+4).
   Will:      It increases your willpower.
   It has a curse which improves the following skills: Cunning: Dodging and
   Stealth.
   Alchemy:   Poison Magic and Transmutations.
 Z - an amulet of regeneration
Wands
 f - a wand of digging (5)
 h - a wand of charming (34)
 m - a wand of flame (126)
 J - a wand of quicksilver (19)
 L - a wand of roots (28)
 S - a wand of mindburst (10)
Scrolls
 e - 18 scrolls of immolation
 g - 6 scrolls of noise
 j - 8 scrolls of amnesia
 l - 6 scrolls of fear
 n - 26 scrolls of teleportation {@r4}
 p - 10 scrolls of poison
 q - 8 scrolls of magic mapping
 r - a scroll of blinking
 A - 5 scrolls of silence
 B - 11 scrolls of fog
 D - 5 scrolls of summoning
 F - 13 scrolls of enchant weapon
 X - 2 scrolls of brand weapon
 Y - 6 scrolls of enchant armour
Potions
 a - 8 potions of haste {@q3}
 b - 15 potions of mutation
 c - 2 potions of magic
 k - 2 potions of cancellation
 o - 9 potions of flight
 s - 20 potions of curing {@q1}
 t - 11 potions of might
 u - 8 potions of resistance
 v - 15 potions of lignification
 w - 7 potions of berserk rage
 x - 12 potions of heal wounds {@q2}
 C - 8 potions of ambrosia
 E - 9 potions of attraction
 I - 3 potions of experience
 M - 4 potions of invisibility
 P - 11 potions of brilliance


   Skills:
 - Level 17.6(24.6) Fighting
 * Level 8.5(11.2) Staves
 - Level 6.6(11.6) Armour
 - Level 24.8(27) Dodging
 - Level 13.0(15.6) Stealth
 - Level 11.1(16.2) Shields
 - Level 20.4(27) Spellcasting
 - Level 13.0(15.5) Conjurations
 - Level 24.0(27) Necromancy
 - Level 7.8(11.8) Transmutations
 + Level 18.9(24.8) Fire Magic
 - Level 1.0(4.1) Air Magic
 - Level 8.7(12.7) Poison Magic


You had 12 spell levels left.
You knew the following spells:

 Your Spells              Type           Power      Damage    Failure   Level
a - Eringya's Noxious Bo  Tmut/Pois      46%        N/A       1%          6
b - Sublimation of Blood  Necr           100%       N/A       0%          2
c - Death Channel         Necr           75%        N/A       0%          6
d - Infestation           Necr           75%        N/A       1%          8
e - Ignition              Fire           73%        3d19      1%          8
f - Dispel Undead         Necr           100%       3d31      0%          4
g - Ignite Poison         Fire/Tmut/Pois 100%       N/A       0%          3
h - Irradiate             Conj/Tmut      48%        3d27      1%          5
i - Orb of Destruction    Conj           51%        9d13      1%          7
j - Necromutation         Tmut/Necr      67%        N/A       2%          8
k - Death's Door          Necr           75%        N/A       1%          9

Your spell library contained the following spells:

 Spells                   Type           Power      Damage    Failure   Level
 Beastly Appendage        Tmut           100%       N/A       0%          1
 Kiss of Death            Conj/Necr      100%       2d13      0%          1
 Necrotise                Necr           100%       1d9       0%          1
 Sting                    Tmut/Pois      100%       1d8       0%          1
 Cigotuvi's Dreadful Rot  Necr/Pois/Air  100%       N/A       0%          2
 Scorch                   Fire           100%       2d10      0%          2
 Wereblood                Tmut           92%        N/A       0%          2
 Vampiric Draining        Necr           100%       2d13      0%          3
 Animate Dead             Necr           100%       N/A       0%          4
 Flame Wave               Conj/Fire      100%       2d21      0%          4
 Sticky Flame             Conj/Fire      100%       2d11      0%          4
 Agony                    Necr           100%       N/A       0%          5
 Fireball                 Conj/Fire      68%        3d26      0%          5
 Apportation              Tloc           98%        N/A       1%          1
 Sandblast                Erth           100%       2d20      1%          1
 Slow                     Hex            100%       N/A       1%          1
 Summon Small Mammal      Summ           100%       N/A       1%          1
 Blink                    Tloc           98%        N/A       1%          2
 Call Imp                 Summ           50%        N/A       1%          2
 Ensorcelled Hibernation  Hex/Ice        100%       N/A       1%          2
 Momentum Strike          Conj/Tloc      100%       3d10      1%          2
 Passwall                 Tmut/Erth      62%        N/A       1%          2
 Poisonous Vapours        Pois/Air       100%       N/A       1%          2
 Static Discharge         Conj/Air       100%       2-7/arc   1%          2
 Dazzling Flash           Conj/Hex       100%       N/A       1%          3
 Hailstorm                Conj/Ice       81%        3d16      1%          3
 Kindle Blastsparks       Fire/Tloc/Air  100%       2d18      1%          3
 Mephitic Cloud           Conj/Pois/Air  89%        N/A       1%          3
 Spider Form              Tmut/Pois      93%        N/A       1%          3
 Stone Arrow              Conj/Erth      100%       3d13      1%          3
 Swiftness                Air            66%        N/A       1%          3
 Vhi's Electric Charge    Tloc/Air       100%       N/A       1%          3
 Anguish                  Hex/Necr       60%        N/A       1%          4
 Fulminant Prism          Conj/Hex       40%        3d20      1%          4
 Iskenderun's Mystic Bla  Conj/Tloc      80%        2d16      1%          4
 Olgreb's Toxic Radiance  Pois           94%        N/A       1%          4
 Petrify                  Tmut/Erth      75%        N/A       1%          4
 Alistair's Intoxication  Tmut/Pois      62%        N/A       1%          5
 Arcjolt                  Conj/Air       43%        1d53      1%          5
 Blade Hands              Tmut           46%        N/A       1%          5
 Borgnjor's Vile Clutch   Necr/Erth      60%        N/A       1%          5
 Freezing Cloud           Conj/Ice/Air   38%        6-21      1%          5
 Iskenderun's Battlesphe  Conj           100%       2d15      1%          5
 Starburst                Conj/Fire      68%        6d18      1%          6
 Borgnjor's Revivificati  Necr           75%        N/A       1%          8
 Call Canine Familiar     Summ           50%        N/A       2%          3
 Confusing Touch          Hex            49%        N/A       2%          3
 Frozen Ramparts          Ice            100%       1d16      2%          3
 Gell's Gravitas          Tloc           49%        N/A       2%          3
 Lesser Beckoning         Tloc           98%        N/A       2%          3
 Portal Projectile        Hex/Tloc       98%        N/A       2%          3
 Summon Guardian Golem    Hex/Summ       50%        N/A       2%          3
 Teleport Other           Tloc           49%        N/A       2%          3
 Yara's Violent Unravell  Hex/Tmut       37%        3d15      2%          5
 Conjure Ball Lightning   Conj/Air       43%        3x3d15    2%          6
 Iron Shot                Conj/Erth      40%        9d8       5%          6
 Dragon Form              Tmut           46%        N/A       7%          7
 Animate Armour           Summ/Erth      100%       N/A       8%          4
 Summon Ice Beast         Ice/Summ       51%        N/A       8%          4
 Leda's Liquefaction      Hex/Erth       25%        N/A       9%          4
 Manifold Assault         Tloc           49%        N/A       10%         4
 Passage of Golubria      Tloc           49%        N/A       10%         4
 Silence                  Hex/Air        29%        N/A       12%         5
 Statue Form              Tmut/Erth      50%        N/A       12%         6
 Lee's Rapid Deconstruct  Erth           26%        3d14*     21%         5
 Metabolic Englaciation   Hex/Ice        25%        N/A       22%         5
 Summon Forest            Summ/Tloc      25%        N/A       24%         5
 Summon Mana Viper        Hex/Summ       50%        N/A       24%         5
 Spellforged Servitor     Conj/Summ      40%        N/A       32%         7
 Storm Form               Tmut/Air       40%        N/A       34%         7
 Summon Cactus Giant      Summ           25%        N/A       78%         6
 Lehudib's Crystal Spear  Conj/Erth      40%        10d10     93%         8
 Ozocubu's Refrigeration  Ice            26%        4d13      99%         7
 Enfeeble                 Hex            24%        N/A       100%        7
 Malign Gateway           Summ/Tloc      25%        N/A       100%        7
 Monstrous Menagerie      Summ           25%        N/A       100%        7
 Summon Hydra             Summ           25%        N/A       100%        7
 Maxwell's Capacitive Co  Air            33%        ∞         100%        8
 Summon Horrible Things   Summ           25%        N/A       100%        8


Dungeon Overview and Level Annotations

Branches:
Dungeon (15/15)            Temple (0/1) D:6            Lair (5/5) D:10
  Swamp (4/4) Lair:2       Spider (4/4) Lair:2        Slime (5/5) Lair:4
    Orc (2/2) D:10            Elf (3/3) Orc:2        Vaults (4/5) D:13
  Crypt (3/3) Vaults:3       Tomb (0/3) Crypt:3      Depths (4/4) D:15
    Zot (0/5) Depths:4    Desolation (visited)

Altars:
Ashenzari
Dithmenos
Elyvilon
Fedhas
Gozag
Hepliaklqana
Kikubaaqudgha
Makhleb
Nemelex Xobeh
Qazlal
Ru
Sif Muna
Wu Jian
Yredelemnul
Jiyva

Shops:
D:12 =   D:15 *   Orc:2 *=(!*   Elf:3 *   Vaults:2 (   Depths:3 ?
Depths:4 !=(

Portals:
Hell: Depths:1 Depths:2 Depths:3 Depths:4
Pandemonium: Orc:2 Depths:2
Trove: D:15 (give +3 gold dragon scales)

Annotations:
D:5 exclusion: ice beast
D:6 exclusion: water moccasin
D:7 3 runed translucent doors, CertainDeath's ghost, novice AtWr
D:11 3 runed translucent doors, Siyzophu's ghost, journeyman GnWn
D:13 3 runed translucent doors, purpskrrrp's ghost, journeyman MiFi
Elf:2 3 runed translucent doors
Depths:1 exclusion: door
Depths:3 Mennas
Depths:4 exclusion: upstairs


Message History

Press: ? - help, Dir - move target A stoker comes into view.
Found twenty-five items.
Found two gates leading back out of this place.
Found a stone staircase leading down.
As you read the scroll of blinking, it crumbles to dust.
The balrug gestures at you. Something smites you! The balrug gestures at you.
Something smites you! The balrug gestures at you. The bolt of fire misses you.
The balrug gestures at you. Something smites you! The balrug gestures at you.
Something smites you! The hellephant breathes flames at you.
The blast of flame misses the Brimstone Fiend.
The blast of flame misses you.
The salamander tyrant gazes fiercely through you!
You feel as though you will be weak longer.
A Brimstone Fiend comes into view.
You block the balrug's attack. The searing wretch claws you!!
You are engulfed in flames!
You resist.
* * * LOW HITPOINT WARNING * * *
The searing wretch claws you!
* * * LOW HITPOINT WARNING * * *
Your fire resistance is stripped away!
You block the searing wretch's attack.
You see here the +3 chain mail "Huemnetrirr" {Int+6}.
Blink to where?
Press: ? - help, Dir - move target
As you read the scroll of blinking, it crumbles to dust.
The hellion gestures at you.
The sphere of damnation explodes!
The damnation engulfs you!!
* * * LOW HITPOINT WARNING * * *
You hear a shout!
Are you sure you want to leave this ziggurat?
The hellion gestures at you.
The sphere of damnation explodes!
The damnation engulfs you!
You die...

...........▓▓
.{....n.....▓▓
..{..........▓▓
...{.n.......=▓▓
....{1L.{....|)▓▓
......nN{....?|)▓▓
......YY.2..)$|)∩▓▓
.....1L2.2..2([?>:▓
.C.....2.221n$[)L▓▓
......22.22..[))▓▓
.....n.2.2...[)▓▓
......21{.2..|▓▓
.............▓▓
............▓▓
...........▓▓
▓▓▓▓▓▓▓▓▓▓▓▓


You could see a searing wretch, a Brimstone Fiend, 6 balrugs, a hellion and 2
tormentors.

Vanquished Creatures
  4 dread liches
  2 ancient liches (Zig:11)
  Khufu (Crypt:2)
  Mara (Spider:3)
  A juggernaut (Depths:3)
  3 royal mummies (Crypt:2)
  Boris (Crypt:2)
  Sojobo (Crypt:2)
  Saint Roka (Depths:3)
  8 caustic shrikes
  2 golden dragons (Depths:4)
  2 bone dragons
  2 Tzitzimimeh (Zig:10)
  2 doom hounds (Zig:10)
  The ghost of Olih Byd the Warrior, an adept GrFi of Cheibriados (Crypt:1)
  3 tentacled monstrosities
  A walking earthen tome (Depths:3)
  4 liches
  Asterion (Spider:1)
  A quicksilver dragon (shapeshifter) (Zig:5)
  2 titans
  A quicksilver dragon (Vaults:3)
  2 tainted leviathans (Zig:10)
  11 acid blobs
  A walking frostbound tome (Depths:3)
  A deep elf blademaster (Elf:3)
  3 sphinxes
  3 Executioners
  An ancient champion (Crypt:1)
  Agnes (D:14)
  Kirke (Spider:1)
  A thorn hunter (Zig:13)
  The ghost of Xocounua the Stormcaller, an adept OpAE of Gozag (Elf:3)
  2 storm dragons
  7 azure jellies
  5 fire giants
  3 tengu reavers
  3 fenstrider witches
  Donald (Swamp:2)
  Roxanne (Elf:3)
  6 rockslimes
  3 iron dragons
  10 frost giants
  Louise (D:15)
  10 deep elf sorcerers
  9 vault wardens
  2 balrugs (Zig:16)
  A cacodemon (Zig:12)
  A draconian stormcaller (Depths:4)
  3 ghost moths (Spider:4)
  11 emperor scorpions
  11 ironbound preservers
  3 orc warlords
  2 curse skulls
  A deep elf elementalist (Elf:3)
  2 demonspawn corrupters
  A draconian shifter (Depths:4)
  3 reapers
  3 spriggan defenders
  3 quicksilver oozes (Slime:5)
  A broodmother (Spider:4)
  9 ghouls
  24 very ugly things
  7 ironbound thunderhulks
  6 war gargoyles
  16 stone giants
  10 vampire knights
  Nessos (D:13)
  3 deep elf demonologists
  An eleionoma (Zig:13)
  A lorocyproca (Zig:14)
  A demonspawn black sun (Zig:14)
  A green draconian (Depths:4)
  Azrael (D:12)
  2 putrid mouths (Zig:10)
  6 bunyips
  9 deep elf annihilators
  5 spark wasps
  3 white draconians (Depths:4)
  A wendigo (Zig:14)
  A purple draconian (Depths:4)
  3 blizzard demons
  10 dire elephants
  5 green deaths
  5 crystal guardians
  8 ettins
  8 deep elf death magi
  2 merfolk javelineers (Zig:9)
  A shambling mangrove (Zig:7)
  2 eidola (Crypt:1)
  An entropy weaver (shapeshifter) (D:14)
  7 entropy weavers
  A ragged hierophant (Desolation)
  14 yaktaur captains
  7 fire dragons
  Josephine (D:14)
  13 jiangshi
  A fenstrider witch zombie (Crypt:3)
  4 rakshasas
  A deep elf high priest (Elf:3)
  11 ice dragons
  8 vault guards
  12 great orbs of eyes
  Erolcha (D:13)
  3 radroaches
  6 ghost crabs
  3 jorogumos
  3 ogre magi
  12 hydras
  5 spriggan air magi
  6 ironbound frosthearts
  3 tengu warriors
  17 centaur warriors
  13 alligators
  3 death yaks (Lair:4)
  6 boulder beetles
  11 deep troll shamans
  2 satyrs (Zig:9)
  8 orc high priests
  2 two-headed ogres
  8 vampire magi
  5 spriggan berserkers
  23 dancing weapons
  6 deep troll earth magi
  5 hell knights
  Nergalle (D:10)
  A fire crab (Zig:2)
  Sonja (Lair:2)
  10 deep elf knights
  A sixfirhy (Orc:2)
  2 golden dragon zombies
  6 iron trolls
  A sun demon (Depths:4)
  21 skeletal warriors
  A sea snake (Lair:5)
  2 flayed ghosts
  7 pharaoh ants
  A shadow wraith (Vaults:3)
  7 deep elf archers
  4 goliath frogs
  61 deep trolls
  9 orb spiders
  4 spriggan druids
  A shadow demon (Zig:12)
  11 swamp dragons
  An obsidian statue (Elf:3)
  A glowing orange brain (Zig:3)
  7 wizards
  15 lindwurms
  13 steelbarb worms
  A bunyip skeleton (Crypt:3)
  5 phantasmal warriors
  28 deep elf pyromancers
  A harpy (Lair:5)
  3 bog bodies
  An orange crystal statue (Depths:2)
  29 deep elf zephyrmancers
  An iron dragon zombie (Crypt:1)
  13 ironbound convokers
  6 cyclopes
  7 necromancers
  15 wolf spiders
  5 shining eyes
  15 orc knights
  A fire giant zombie (Crypt:1)
  50 ugly things
  4 manticores
  7 orc sorcerers (Orc:2)
  3 moths of wrath
  A frost giant zombie (Depths:3)
  A fire giant skeleton (Crypt:2)
  A goliath frog skeleton (Crypt:1)
  3 will-o-the-wisps
  Maurice (D:12)
  A rust devil (Orc:2)
  3 black mambas
  2 centaur zombies (D:11)
  2 black mambas (shapeshifter)
  7 elephants
  7 gargoyles
  5 torpor snails
  A naga zombie (Crypt:3)
  An orange demon (Orc:2)
  15 vault sentinels
  2 kobold demonologists
  2 rime drakes (shapeshifter)
  7 cane toads
  A dire elephant skeleton (Crypt:3)
  A shock serpent skeleton (Crypt:1)
  3 rime drakes
  Maggie (D:10)
  A centaur skeleton (Crypt:3)
  A hellion (Zig:12)
  4 komodo dragons
  3 unseen horrors
  7 tengu conjurers
  9 demonic crawlers
  3 freezing wraiths
  A tormentor (Zig:16)
  39 yaktaurs
  A hellwing (Zig:12)
  A merfolk (shapeshifter) (D:13)
  A guardian mummy (Zig:1)
  A red devil (Orc:2)
  2 ice devils (Zig:14)
  6 trolls
  A wolf spider simulacrum (D:14)
  A harpy zombie (Crypt:3)
  3 bloated husks
  9 meliai
  A queen bee (shapeshifter) (Elf:1)
  4 polar bears
  23 tarantellas
  11 tyrant leeches
  21 blink frogs
  A harpy skeleton (Crypt:3)
  Grinder (D:6)
  A saltling (Desolation)
  18 hornets
  A fire dragon zombie (Crypt:3)
  62 slime creatures
  A jumping spider (shapeshifter) (D:14)
  32 jumping spiders
  24 culicivoras
  21 spriggans
  2 air elementals
  A culicivora (shapeshifter) (Zig:5)
  29 flying skulls
  12 water elementals
  A shadow (D:9)
  12 wraiths
  2 hogs (Spider:1)
  5 wyverns
  An ushabti (Zig:1)
  A basilisk (shapeshifter) (D:13)
  46 yaks
  A wind drake skeleton (Crypt:2)
  4 fire elementals
  4 basilisks
  2 golden eyes
  A neqoxec (Zig:12)
  71 redbacks
  8 steam dragons
  14 vampire mosquitoes
  8 wargs
  16 swamp worms
  3 acid dragons
  5 hell hounds (D:12)
  A water moccasin (shapeshifter) (D:15)
  9 water moccasins
  Duvessa (D:7)
  A meliai simulacrum (D:14)
  2 black bears
  2 ice beasts
  A black bear (shapeshifter) (D:14)
  6 swamp drakes
  54 orc warriors
  5 boggarts (Vaults:2)
  19 ogres
  8 wolves (Lair:2)
  A snapping turtle skeleton (Crypt:2)
  18 centaurs
  A dream sheep skeleton (Crypt:2)
  A phantom (D:6)
  3 kobold brigands
  16 bullfrogs
  A gnoll sergeant (D:12)
  4 necrophages
  A yaktaur skeleton (Crypt:2)
  An earth elemental (Elf:2)
  5 scorpions
  A wyvern skeleton (Crypt:2)
  10 wights
  Dowan (D:7)
  A spriggan zombie (Crypt:2)
  5 killer bees (D:11)
  4 electric eels
  8 howler monkeys
  A crimson imp (D:7)
  6 lava snakes (Lair:1)
  29 orc priests
  5 jellies
  4 gnoll boudas
  2 iguanas
  A black bear skeleton (Crypt:2)
  20 orc wizards
  4 hell rats (Lair:4)
  A sky beast zombie (Crypt:2)
  A mummy (Zig:1)
  36 gnolls
  13 adders
  2 shadow imps (D:7)
  A white imp (D:7)
  An ufetubus (D:6)
  An adder skeleton (Crypt:1)
  5 worms
  2 dart slugs
  98 orcs
  5 ball pythons
  6 endoplasms
  5 goblins
  5 hobgoblins
  6 jackals
  4 quokkas
  6 bats
  4 frilled lizards
  A goblin skeleton (Crypt:1)
  A jackal skeleton (Crypt:1)
  16 kobolds
  A kobold skeleton (Crypt:2)
  A quokka zombie (Crypt:1)
  A rat (D:1)
  A pillar of salt (Elf:2)
2068 creatures vanquished.

Vanquished Creatures (collateral kills)
  the Royal Jelly (Slime:5)
  An ancient lich (Zig:11)
  A juggernaut (Depths:3)
  A Killer Klown (Zig:5)
  A caustic shrike (Zig:15)
  3 bone dragons
  3 Brimstone Fiends
  2 iron giants (Zig:15)
  A pandemonium lord (Zig:12)
  5 Hell Sentinels
  A tentacled monstrosity (Zig:7)
  Rupert (D:13)
  A deep elf master archer (Elf:3)
  A titan (Vaults:4)
  3 acid blobs
  A lich (Crypt:3)
  An Executioner (Zig:12)
  A sphinx (Vaults:4)
  A shadow dragon (shapeshifter) (Zig:5)
  A demonspawn warmonger (Zig:14)
  An azure jelly (Slime:5)
  6 rockslimes
  A fenstrider witch (Zig:13)
  4 vault wardens
  A frost giant (Vaults:3)
  A deep elf sorcerer (Elf:3)
  4 iron dragons
  A draconian scorcher (Depths:4)
  5 balrugs
  2 fire giants
  A quicksilver ooze (Slime:5)
  6 ironbound preservers
  A demonspawn blood saint (Zig:14)
  An orc warlord (Vaults:1)
  2 war gargoyles (Zig:15)
  A juggernaut skeleton (Crypt:3)
  2 ironbound thunderhulks
  4 very ugly things
  2 vampire knights (Crypt:3)
  2 reapers (Zig:10)
  A deep elf demonologist (Elf:3)
  An eleionoma (Swamp:4)
  2 dire elephants
  A deep elf annihilator (Elf:3)
  A blizzard demon (Zig:14)
  2 green deaths
  A yellow draconian (Depths:4)
  A deep elf death mage (Elf:3)
  3 fire dragons
  A shambling mangrove (Zig:13)
  An ettin (Vaults:3)
  2 crystal guardians (Zig:15)
  An entropy weaver (Vaults:1)
  3 yaktaur captains
  5 great orbs of eyes
  A deep elf high priest (Vaults:3)
  2 hydras
  An ice dragon (Depths:1)
  3 vault guards (Vaults:2)
  An ironbound frostheart (Vaults:4)
  A merfolk avatar (Lair:5)
  A boulder beetle (Vaults:3)
  A spriggan skeleton (Crypt:3)
  A spectral fire giant (Zig:10)
  4 dancing weapons
  A tengu warrior (Depths:3)
  A deep troll shaman (Depths:3)
  An alligator (Swamp:4)
  A deep troll earth mage (Depths:3)
  5 death yaks (Lair:5)
  2 hell knights (Crypt:3)
  5 iron trolls
  A sun demon (Zig:14)
  4 fire crabs
  A skeletal warrior (Crypt:3)
  2 sea snakes (Lair:5)
  2 swamp dragons (Swamp:4)
  14 deep trolls
  A glowing orange brain (Depths:3)
  A bog body (Swamp:4)
  2 lindwurms
  An orc knight (Vaults:4)
  A shadow dragon skeleton (Depths:3)
  2 necromancers (Crypt:3)
  A shining eye (Slime:5)
  2 ugly things
  A will-o-the-wisp (Zig:13)
  A black mamba (Lair:5)
  2 vault sentinels (Vaults:2)
  A dire elephant skeleton (Crypt:3)
  An orange demon (Zig:12)
  3 cane toads (Lair:5)
  2 eyes of devastation (Slime:5)
  4 komodo dragons (Lair:5)
  A rime drake (Lair:5)
  A naga skeleton (Crypt:3)
  2 yaktaurs (Vaults:2)
  A hellion (Zig:16)
  A red devil (Zig:12)
  A polar bear (Lair:5)
  A wind drake (Lair:5)
  6 hornets
  10 slime creatures
  A tarantella (Vaults:1)
  8 blink frogs (Lair:5)
  A hydra skeleton (Crypt:3)
  5 flying skulls (Crypt:3)
  A water elemental (Depths:1)
  8 yaks
  A fire elemental (Swamp:4)
  A wyvern (Lair:5)
  6 steam dragons
  A swamp worm (Swamp:4)
  4 water moccasins (Lair:5)
  A centaur (Zig:9)
  4 earth elementals
  A necrophage (Crypt:3)
  A bush (Lair:5)
255 creatures vanquished.

Vanquished Creatures (others)
  A pandemonium lord (Zig:14)
  An eleionoma (Zig:7)
  A swamp dragon (Swamp:4)
  A deep elf zephyrmancer (Elf:3)
  A hornet (Zig:7)
  An air elemental (Elf:3)
  A steam dragon (Swamp:4)
  An acid dragon (shapeshifter) (Elf:3)
  A swamp drake (Swamp:4)
  An orc wizard (D:12)
  6 foxfires
  39 fungi
  100 plants
155 creatures vanquished.

Grand Total: 2478 creatures vanquished

Notes
Turn   | Place    | Note
-------+----------+-------------------------------------------
     0 | D:1      | freelancePsychic the Deep Elf Venom Mage began the quest
                  | for the Orb.
     0 | D:1      | Reached XP level 1. HP: 10/10 MP: 6/6
     2 | D:1      | Noticed a merfolk
     2 | D:1      | Noticed a human
     4 | D:1      | Noticed a demonspawn
     4 | D:1      | Noticed a formicid
     6 | D:1      | Noticed a meteoran
     6 | D:1      | Noticed an ogre
     8 | D:1      | Noticed a minotaur
     8 | D:1      | Noticed a troll
    10 | D:1      | Noticed a tengu
    10 | D:1      | Noticed an elf
    12 | D:1      | Noticed a draconian
    12 | D:1      | Noticed a spriggan
    14 | D:1      | Noticed a ghoul
    14 | D:1      | Noticed an octopode
    16 | D:1      | Noticed a vampire
    18 | D:1      | Noticed an armataur
    18 | D:1      | Noticed a naga
    20 | D:1      | Noticed a gargoyle
    20 | D:1      | Noticed a felid
    22 | D:1      | Noticed a demigod
    24 | D:1      | Noticed a vine stalker
    24 | D:1      | Noticed a troll
    26 | D:1      | Noticed a minotaur
    26 | D:1      | Noticed an ogre
   324 | D:1      | Reached XP level 2. HP: 15/15 MP: 4/8
   407 | D:1      | Learned a level 2 spell: Poisonous Vapours
   964 | D:2      | Reached skill level 1 in Air Magic
  1160 | D:2      | Reached XP level 3. HP: 19/19 MP: 2/9
  1454 | D:2      | Found a stormy altar of Qazlal.
  1781 | D:2      | Found a faded altar of an unknown god.
  2384 | D:3      | Reached XP level 4. HP: 23/24 MP: 2/10
  2481 | D:3      | Found a white marble altar of Elyvilon.
  2526 | D:3      | Noticed an ogre
  2557 | D:3      | Killed an ogre
  2558 | D:3      | Reached skill level 1 in Fighting
  2558 | D:3      | Reached XP level 5. HP: 7/29 MP: 7/11
  2725 | D:3      | Learned a level 3 spell: Mephitic Cloud
  2730 | D:3      | Learned a level 4 spell: Olgreb's Toxic Radiance
  2730 | D:3      | Found a broken altar of Ashenzari.
  2739 | D:3      | Found a shimmering blue altar of Sif Muna.
  2795 | D:3      | Became a worshipper of Ashenzari the Shackled
  2815 | D:3      | Found a shadowy altar of Dithmenos.
  3211 | D:3      | Reached skill level 1 in Conjurations
  3258 | D:3      | Reached skill level 5 in Poison Magic
  3900 | D:4      | Reached XP level 6. HP: 35/35 MP: 7/13
  4634 | D:4      | Reached XP level 7. HP: 40/40 MP: 10/15
  5018 | D:4      | Reached * piety under Ashenzari
  5097 | D:5      | Entered Level 5 of the Dungeon
  6063 | D:5      | Found the Hermit's Pendant {Faith Invo=14 Evo=0 MP+5}
  6580 | D:6      | Reached XP level 8. HP: 49/49 MP: 12/17
  6744 | D:6      | Found a staircase to the Ecumenical Temple.
  6941 | D:6      | Noticed Grinder
  6957 | D:6      | Killed Grinder
  6983 | D:6      | Reached ** piety under Ashenzari
  7429 | D:6      | Reached skill level 5 in Fighting
  7429 | D:6      | Reached skill level 1 in Necromancy
  7532 | D:6      | Learned a level 4 spell: Dispel Undead
  7694 | D:7      | Found a sparkling altar of Nemelex Xobeh.
  7768 | D:7      | Found a runed translucent gate.
  7769 | D:7      | Found a runed translucent gate.
  7775 | D:7      | Found a runed translucent gate.
  7776 | D:7      | Noticed CertainDeath's ghost (novice AtWr)
  7803 | D:8      | Found a blossoming altar of Fedhas.
  8086 | D:7      | Found a sacrificial altar of Ru.
  8146 | D:7      | Noticed Dowan
  8146 | D:7      | Noticed Duvessa
  8156 | D:7      | Killed Dowan
  8161 | D:7      | Killed Duvessa
  8402 | D:7      | Reached skill level 5 in Spellcasting
  8524 | D:7      | Identified the +5 falchion "Otaot" {pain, rN+ Will+ Str+2
                  | Dex+4}
  8635 | D:7      | Reached skill level 5 in Necromancy
  8635 | D:7      | Reached XP level 9. HP: 57/57 MP: 15/21
  8981 | D:7      | Learned a level 5 spell: Irradiate
  9033 | D:7      | Found a burning altar of Makhleb.
  9150 | D:7      | Learned a level 2 spell: Sublimation of Blood
 10732 | D:9      | Found a hazy altar of Hepliaklqana.
 10845 | D:9      | Found a stormy altar of Qazlal.
 10855 | D:9      | Reached XP level 10. HP: 35/64 MP: 14/24
 11175 | D:9      | Noticed a two-headed ogre
 11184 | D:9      | Killed a two-headed ogre
 11185 | D:9      | Reached skill level 5 in Conjurations
 11185 | D:9      | Reached skill level 5 in Transmutations
 12033 | D:9      | Found an opulent altar of Gozag.
 12113 | D:10     | Entered Level 10 of the Dungeon
 12303 | D:10     | Found a staircase to the Orcish Mines.
 12509 | D:10     | Noticed Maggie
 12527 | D:10     | Killed Maggie
 12835 | D:10     | Reached XP level 11. HP: 62/71 MP: 4/25
 13222 | D:10     | Noticed Nergalle
 13230 | D:10     | Killed Nergalle
 13230 | D:10     | Identified a scroll of acquirement
 13332 | D:10     | Found a staircase to the Lair.
 13551 | D:10     | Found an ornate altar of the Wu Jian Council.
 13881 | D:10     | Reached skill level 5 in Dodging
 14301 | D:11     | Acquired an Everburning Encyclopedia
 14306 | D:11     | Reached skill level 1 in Fire Magic
 14311 | D:11     | Learned a level 3 spell: Ignite Poison
 14860 | D:11     | Noticed a boulder beetle
 14865 | D:11     | Killed a boulder beetle
 15200 | D:11     | Found a runed translucent gate.
 15200 | D:11     | Found a runed translucent gate.
 15200 | D:11     | Found a runed translucent gate.
 15200 | D:11     | Noticed Siyzophu's ghost (journeyman GnWn)
 15202 | D:11     | Found a basalt altar of Yredelemnul.
 15615 | Lair:1   | Entered Level 1 of the Lair of Beasts
 15629 | Lair:1   | Reached *** piety under Ashenzari
 15921 | Lair:1   | Reached skill level 5 in Fire Magic
 16407 | Lair:1   | Reached XP level 12. HP: 79/79 MP: 27/27
 17036 | Lair:2   | Noticed Sonja
 17040 | Lair:2   | Killed Sonja
 17041 | Lair:2   | Reached skill level 1 in Shields
 17059 | Lair:2   | Reached skill level 10 in Fighting
 17611 | Lair:2   | Reached **** piety under Ashenzari
 17723 | Lair:2   | Found a hole to the Spider Nest.
 17928 | Lair:2   | Found a staircase to the Swamp.
 18255 | Orc:1    | Entered Level 1 of the Orcish Mines
 19033 | Orc:2    | Entered Level 2 of the Orcish Mines
 19395 | Orc:2    | Found Sowawki's General Store.
 19396 | Orc:2    | Found a staircase to the Elven Halls.
 19411 | Orc:2    | Reached XP level 13. HP: 86/87 MP: 20/28
 19520 | Orc:2    | Paralysed by an orc sorcerer for 5 turns
 19889 | Orc:2    | Found Moocuwud's Distillery.
 19901 | Orc:2    | Found Vyurghami's General Store.
 20472 | Orc:2    | Reached skill level 10 in Fire Magic
 21196 | Orc:2    | Found Fannu's Jewellery Shop.
 21196 | Orc:2    | Found Kedwook's Antique Weapon Boutique.
 21197 | Orc:2    | Found a one-way gate leading to the halls of Pandemonium.
 21368 | Orc:2    | Identified the +1 scimitar of Repnurur {venom, rElec Will+
                  | Dex+3}
 21373 | Orc:2    | Identified the +3 chain mail of the Shore {Int+8}
 21376 | Orc:2    | Noticed an orc warlord
 21392 | Orc:2    | Killed an orc warlord
 21393 | Orc:2    | Reached skill level 10 in Dodging
 21756 | Orc:2    | Learned a level 8 spell: Ignition
 21782 | Orc:2    | Bought a ring of willpower for 350 gold pieces
 21801 | Elf:1    | Entered Level 1 of the Elven Halls
 21812 | Elf:1    | Reached XP level 14. HP: 78/95 MP: 16/29
 22905 | Elf:1    | Paralysed by an air elemental for 1 turns
 23126 | Elf:1    | Identified the Parchment of the Comitatus
 23200 | Elf:1    | HP: 3/96 [deep elf zephyrmancer/bolt of lightning (32)]
 24056 | D:12     | Noticed Maurice
 24061 | D:12     | Killed Maurice
 24074 | D:12     | Reached ***** piety under Ashenzari
 24117 | D:12     | Noticed Azrael
 24198 | D:12     | Killed Azrael
 24930 | D:12     | Found an ornate altar of the Wu Jian Council.
 25390 | D:12     | Found Host's Jewellery Shop.
 25431 | D:12     | Bought an amulet of regeneration for 450 gold pieces
 25618 | D:12     | Identified the Incunable of Gelid Conjury
 25727 | D:13     | Noticed Erolcha
 25731 | D:13     | Killed Erolcha
 25959 | D:13     | Noticed Rupert
 26232 | D:13     | Killed Rupert
 26504 | D:13     | Found a gate to the Vaults.
 26743 | D:13     | Reached XP level 15. HP: 43/105 MP: 15/32
 26930 | D:13     | Found a runed translucent gate.
 26930 | D:13     | Found a runed translucent gate.
 26930 | D:13     | Found a runed translucent gate.
 26930 | D:13     | Noticed purpskrrrp's ghost (journeyman MiFi)
 26930 | D:13     | Noticed Nessos
 26930 | D:13     | Identified the +1 chain mail of Makhleb's Fury {-Tele rF+
                  | rCorr Dex+2}
 26942 | D:13     | Killed Nessos
 27940 | D:14     | Noticed Agnes
 27947 | D:14     | Killed Agnes
 28796 | D:14     | Noticed Josephine
 28802 | D:14     | Killed Josephine
 29057 | D:15     | Entered Level 15 of the Dungeon
 29091 | D:15     | Found a portal to a secret trove of treasure.
 29102 | D:15     | Found Elat's Assorted Antiques.
 29107 | D:15     | Bought a scintillating tin ring for 160 gold pieces
 29107 | D:15     | Identified the ring of the Voivode {Will+ AC+4 Dex+4} (You
                  | bought it in a shop on level 15 of the Dungeon)
 29438 | D:15     | Reached skill level 1 in Armour
 29540 | D:15     | Found a staircase to the Depths.
 29763 | D:15     | Identified the +2 falchion of the Empty Page {antimagic,
                  | Will+ Dex+6}
 29900 | D:15     | Noticed Louise
 29910 | D:15     | Killed Louise
 31557 | Elf:2    | Found a crumbling gateway.
 31658 | Elf:2    | Learned a level 6 spell: Eringya's Noxious Bog
 31752 | Desolati | Entered the Desolation of Salt
 31766 | Desolati | Reached skill level 15 in Fire Magic
 31770 | Desolati | Noticed an imperial myrmidon
 32222 | Elf:2    | Found a runed translucent gate.
 32222 | Elf:2    | Found a runed translucent gate.
 32222 | Elf:2    | Found a runed translucent gate.
 32317 | Elf:2    | Reached XP level 16. HP: 112/112 MP: 26/35
 32537 | Elf:2    | Reached skill level 10 in Spellcasting
 33116 | Spider:1 | Entered Level 1 of the Spider Nest
 33257 | Spider:1 | Noticed Asterion
 33269 | Spider:1 | Killed Asterion
 33758 | Spider:1 | Noticed Kirke
 33769 | Spider:1 | Killed Kirke
 36463 | Spider:3 | Noticed Mara
 37448 | Spider:3 | Noticed freelancePsychic's illusion
 37448 | Spider:3 | Killed Mara
 37449 | Spider:3 | Reached XP level 17. HP: 80/120 MP: 22/36
 37697 | Spider:4 | Entered Level 4 of the Spider Nest
 38220 | Spider:4 | Reached skill level 5 in Armour
 38291 | Spider:4 | Reached skill level 15 in Fighting
 39549 | Spider:4 | Identified the +2 hat "Mimnunal" {+Blink rPois Int+4}
 39749 | Spider:4 | Got a gossamer rune of Zot
 39814 | Spider:4 | Learned a level 6 spell: Death Channel
 39977 | Swamp:1  | Entered Level 1 of the Swamp
 40303 | Lair:2   | Learned a level 6 spell: Starburst
 41467 | Swamp:2  | Noticed a tentacled monstrosity
 41477 | Swamp:2  | Killed a tentacled monstrosity
 41478 | Swamp:2  | Reached skill level 15 in Dodging
 41734 | Swamp:2  | Reached XP level 18. HP: 128/128 MP: 31/39
 41775 | Swamp:2  | Noticed Donald
 41785 | Swamp:2  | Killed Donald
 43347 | Swamp:4  | Entered Level 4 of the Swamp
 43350 | Swamp:4  | Identified the +4 chain mail of Disguise {rPois}
 43480 | Swamp:4  | Identified the amulet of Eternity {Spirit Fly rC+ Will+
                  | Int-2}
 43527 | Swamp:4  | Reached skill level 10 in Conjurations
 44047 | Swamp:4  | Got a decaying rune of Zot
 44056 | Swamp:4  | Identified the +10 short sword of Ragnarok {vorpal, rC+
                  | rCorr Stlth+}
 44105 | Swamp:4  | Reached ****** piety under Ashenzari
 44307 | Swamp:4  | Learned a level 7 spell: Orb of Destruction
 44659 | Elf:3    | Entered Level 3 of the Elven Halls
 44800 | Elf:3    | Reached skill level 5 in Shields
 45159 | Elf:3    | Noticed Roxanne
 45165 | Elf:3    | Killed Roxanne
 45414 | Elf:3    | Found a runed translucent gate.
 45414 | Elf:3    | Found a runed translucent gate.
 45414 | Elf:3    | Found an opulent altar of Gozag.
 45414 | Elf:3    | Found Paown's Assorted Antiques.
 45416 | Elf:3    | Found a runed translucent gate.
 45416 | Elf:3    | Noticed Xocounua's ghost (adept OpAE)
 45528 | Elf:3    | Reached XP level 19. HP: 103/135 MP: 26/41
 45554 | Elf:3    | Identified the +6 plate armour "Qocheyr" {+Blink rN+ Regen+
                  | Dex-3}
 45564 | Elf:3    | Identified the +8 quick blade of the Terrible God {spect,
                  | rElec Str-4 Int+3}
 45564 | Elf:3    | Identified the +9 flail "Fafrikky" {venom, *Slow rF+ Dex+4}
 45857 | Elf:3    | Identified the +4 spear "Mivem" {vorpal, +Blink}
 46094 | Elf:3    | Killed Xocounua's ghost
 46307 | Elf:3    | Bought a potion of magic for 200 gold pieces
 46307 | Elf:3    | Bought a scroll of fog for 100 gold pieces
 46417 | Orc:2    | Bought a potion of curing for 51 gold pieces
 46417 | Orc:2    | Bought a potion of curing for 51 gold pieces
 46417 | Orc:2    | Bought a potion of brilliance for 68 gold pieces
 46417 | Orc:2    | Bought 2 potions of heal wounds for 170 gold pieces
 46417 | Orc:2    | Bought a potion of brilliance for 68 gold pieces
 46417 | Orc:2    | Bought 2 potions of heal wounds for 170 gold pieces
 46834 | Vaults:1 | Entered Level 1 of the Vaults
 47120 | Vaults:1 | Reached skill level 10 in Shields
 47575 | Vaults:1 | Identified the ring of Guntatypt {rF+ rCorr}
 48314 | Vaults:1 | Identified the +8 morningstar "Pulenann" {spect, Str+4}
 49728 | Vaults:2 | Found Cagahile's Weapon Shop.
 50370 | Vaults:2 | Reached XP level 20. HP: 146/146 MP: 33/46
 50704 | Vaults:2 | Identified the +11 arbalest "Hydraslayer" {flame, Will+
                  | Str+4 Dex+3}
 51912 | Vaults:3 | Found a staircase to the Crypt.
 52286 | Vaults:3 | Reached skill level 10 in Necromancy
 52343 | Vaults:3 | Identified the +3 scimitar of Death's Door {drain, Will++}
 52730 | Vaults:3 | Found the +8 longbow "Zephyr" {speed, Dex+3 SInv}
 53291 | Vaults:4 | Reached XP level 21. HP: 153/153 MP: 32/47
 53338 | Vaults:4 | Reached skill level 15 in Spellcasting
 53363 | Vaults:4 | Identified the +6 falchion "Kuph" {protect, rElec rF- rN++
                  | Dex+3}
 55118 | Depths:1 | Entered Level 1 of the Depths
 55125 | Depths:1 | Found a flickering gateway to a bazaar.
 55131 | Bazaar   | Entered a bazaar
 55131 | Bazaar   | Found Icimibasu's Antique Armour Shoppe.
 55131 | Bazaar   | Found Enammem's General Store.
 55131 | Bazaar   | Found Cotae's Book Boutique.
 55175 | Bazaar   | Found Gyekh's Magic Scroll Emporium.
 55195 | Bazaar   | Found Qumiula's Antique Weapon Boutique.
 55220 | Bazaar   | Bought a scroll of enchant armour for 120 gold pieces
 55220 | Bazaar   | Bought a scroll of enchant armour for 120 gold pieces
 55220 | Bazaar   | Bought a scroll of teleportation for 48 gold pieces
 55220 | Bazaar   | Bought a scroll of teleportation for 48 gold pieces
 55242 | Bazaar   | Bought a potion of magic for 120 gold pieces
 55242 | Bazaar   | Bought a potion of heal wounds for 75 gold pieces
 55242 | Bazaar   | Bought a scroll of magic mapping for 112 gold pieces
 55242 | Bazaar   | Bought a +1 pair of boots of flying for 247 gold pieces
 55269 | Bazaar   | Bought a Necronomicon for 560 gold pieces
 56610 | Depths:1 | Found a gateway to Hell.
 56716 | Depths:1 | Identified the +5 mace of Parts Unknown {chaos, rF+ rCorr}
 57084 | Depths:2 | Identified the +1 robe of the Armoured One {SInv}
 58677 | Depths:2 | Reached skill level 1 in Staves
 58677 | Depths:2 | Reached XP level 22. HP: 161/161 MP: 39/51
 59020 | Depths:2 | Noticed a caustic shrike
 59024 | Depths:2 | Killed a caustic shrike
 59261 | Depths:2 | Found an opulent altar of Gozag.
 59262 | Depths:2 | Found a white marble altar of Elyvilon.
 59262 | Depths:2 | Found a hazy altar of Hepliaklqana.
 59262 | Depths:2 | Found a sacrificial altar of Ru.
 60061 | Depths:3 | Noticed a juggernaut
 60063 | Depths:3 | Noticed a juggernaut
 60064 | Depths:3 | Killed a juggernaut
 60066 | Depths:3 | Killed a juggernaut
 60421 | Depths:3 | Found Rumierch's Magic Scroll Shoppe.
 60424 | Depths:3 | Bought a scroll of enchant armour for 172 gold pieces
 60424 | Depths:3 | Bought a scroll of poison for 92 gold pieces
 60871 | Depths:3 | Noticed Saint Roka
 60899 | Depths:3 | Killed Saint Roka
 61042 | Depths:3 | Noticed Mennas
 61269 | Depths:4 | Entered Level 4 of the Depths
 61718 | Depths:4 | Noticed a golden dragon
 61724 | Depths:4 | Killed a golden dragon
 61825 | Depths:4 | Noticed a caustic shrike
 61829 | Depths:4 | Noticed a caustic shrike
 61829 | Depths:4 | Noticed a caustic shrike
 61830 | Depths:4 | Noticed a caustic shrike
 61833 | Depths:4 | Killed a caustic shrike
 61834 | Depths:4 | Killed a caustic shrike
 61839 | Depths:4 | Killed a caustic shrike
 61839 | Depths:4 | Killed a caustic shrike
 62008 | Depths:4 | Found a gate to the Realm of Zot.
 62145 | Depths:4 | Reached XP level 23. HP: 167/167 MP: 38/53
 62234 | Depths:4 | Found a one-way gateway to a ziggurat.
 62240 | Depths:4 | Upgraded the game from 0.30-a0-292-g0f741e3f8e to
                  | 0.30-a0-297-g0ec75d9ef4
 62250 | Depths:4 | Learned a level 9 spell: Death's Door
 62396 | Depths:4 | Identified the +3 morningstar of the Witching Gods {drain,
                  | rElec}
 62737 | Depths:4 | Found Quathat's Weapon Emporium.
 62751 | Depths:4 | Found Ceniem's Jewellery Shoppe.
 62753 | Depths:4 | Found Esiol's Distillery.
 62761 | Depths:4 | Bought a potion of heal wounds for 95 gold pieces
 62761 | Depths:4 | Bought a potion of haste for 190 gold pieces
 62761 | Depths:4 | Bought a potion of heal wounds for 95 gold pieces
 62761 | Depths:4 | Bought a potion of invisibility for 152 gold pieces
 62761 | Depths:4 | Bought a potion of ambrosia for 152 gold pieces
 63176 | Depths:4 | Learned a level 8 spell: Necromutation
 63545 | Crypt:1  | Entered Level 1 of the Crypt
 63956 | Crypt:1  | Found a runed translucent gate.
 63957 | Crypt:1  | Found a runed translucent gate.
 63957 | Crypt:1  | Found a runed translucent gate.
 63957 | Crypt:1  | Identified the amulet of Omaoj {Reflect Dex+3 SH+5}
 63958 | Crypt:1  | Found an ancient bone altar of Kikubaaqudgha.
 63958 | Crypt:1  | Noticed Olih Byd's ghost (adept GrFi)
 63958 | Crypt:1  | Identified Kikubaaqudgha's Folio of Wicked Arts
 63958 | Crypt:1  | Identified the +0 cloak of the Hall of Blades {rCorr}
 63958 | Crypt:1  | Noticed a dread lich
 63959 | Crypt:1  | Identified the +4 plate armour of the Original Sin {Rampage
                  | rElec rC- Str+4}
 64353 | Crypt:1  | Identified the +3 flail "Qiunug" {vorpal, Str+5 Dex-5
                  | Stlth+}
 64702 | Crypt:1  | Reached skill level 15 in Necromancy
 65020 | Crypt:1  | Killed a dread lich
 65025 | Crypt:1  | Killed Olih Byd's ghost
 65216 | Crypt:1  | Learned a level 8 spell: Infestation
 65249 | Crypt:2  | Noticed Boris
 65305 | Crypt:2  | Killed Boris
 65675 | Crypt:2  | Noticed Khufu
 65690 | Crypt:2  | Noticed a royal mummy
 65690 | Crypt:2  | Noticed a royal mummy
 65691 | Crypt:2  | Killed Khufu
 65697 | Crypt:2  | Killed a royal mummy
 65706 | Crypt:3  | Entered Level 3 of the Crypt
 66056 | Crypt:2  | Noticed a royal mummy
 66062 | Crypt:2  | Noticed Sojobo
 66063 | Crypt:2  | Killed a royal mummy
 66069 | Crypt:2  | Killed Sojobo
 66299 | Crypt:2  | Killed a royal mummy
 66930 | Crypt:3  | Found a staircase to the Tomb.
 67255 | Crypt:3  | Found an ancient bone altar of Kikubaaqudgha.
 67255 | Crypt:3  | Noticed a dread lich
 67259 | Crypt:3  | Killed a dread lich
 67315 | Crypt:3  | Identified the +7 morningstar of Quantum Leap {speed,
                  | Dex+2}
 67387 | Crypt:3  | Identified the +3 leather armour "Ibot" {Str+6}
 67448 | Crypt:3  | Reached XP level 24. HP: 163/174 MP: 9/56
 69192 | Lair:4   | Found a viscous altar of Jiyva.
 69193 | Lair:4   | Found a staircase to the Slime Pits.
 69687 | Lair:5   | Entered Level 5 of the Lair of Beasts
 69906 | Lair:5   | Identified the ring "Efidghali" {rPois rC+}
 69928 | Lair:5   | Identified Nileogil's Folio of Stormy Spelunking
 69931 | Lair:5   | Identified the Vellum of Shapes and the Ground
 70883 | Slime:1  | Entered Level 1 of the Pits of Slime
 71135 | Slime:5  | Entered Level 5 of the Pits of Slime
 71324 | Slime:5  | Noticed the Royal Jelly
 71328 | Slime:5  | Killed the Royal Jelly
 71408 | Slime:5  | Identified the +1 robe of the Arena {Contam Rampage Will-
                  | SInv}
 71408 | Slime:5  | Found the amulet of Vitality {RegenMP++ Regen++}
 71408 | Slime:5  | Found the +8 mithril axe "Arga" {speed, Will+}
 71408 | Slime:5  | Identified the +1 scale mail of Ashenzari's Delight
                  | {+Blink}
 71409 | Slime:5  | Identified the +4 trident of Buddo {vamp, rN+ Str+5 Int-5
                  | Stlth+}
 71410 | Slime:5  | Identified the +7 rapier of Wemuihue {speed, Will+ SInv}
 71437 | Slime:5  | Identified the ring of Ishroat {rPois Will+ Str+5}
 71437 | Slime:5  | Identified the +5 mace "Fos Toul" {freeze, *Noise rC+++
                  | MP+9 Str+4}
 71457 | Slime:5  | Got a slimy rune of Zot
 71470 | Slime:5  | Identified the Atlas of the Throng and Metal
 71471 | Slime:5  | Identified the +8 long sword of Havoc {freeze, Will+}
 71721 | Slime:2  | Reached skill level 5 in Stealth
 72281 | Zig:1    | Entered Level 1 of a ziggurat
 72310 | Zig:2    | Entered Level 2 of a ziggurat
 72344 | Zig:3    | Entered Level 3 of a ziggurat
 72352 | Zig:3    | Found the +2 hood of the Assassin {Detection Stab+ Stlth++}
 72353 | Zig:3    | Found the +3 giant club "Skullcrusher" {speed, Str+7}
 72381 | Zig:4    | Entered Level 4 of a ziggurat
 72436 | Zig:5    | Entered Level 5 of a ziggurat
 72441 | Zig:5    | Noticed a Killer Klown
 72441 | Zig:5    | Identified the +10 rapier "Wulem" {vorpal, Contam rCorr
                  | Dex+3}
 72441 | Zig:5    | Identified the +2 leather armour of Watchfulness {Rampage
                  | Will+}
 72448 | Zig:5    | Killed a Killer Klown
 72477 | Zig:6    | Entered Level 6 of a ziggurat
 72525 | Zig:7    | Entered Level 7 of a ziggurat
 72531 | Zig:7    | Found the +12 glaive of Prune {vorpal}
 72532 | Zig:7    | Identified the +6 long sword of the Vaults {venom, *Rage
                  | +Blink rN+++ Int-3}
 72668 | Zig:8    | Entered Level 8 of a ziggurat
 72673 | Zig:8    | Identified the +8 spear "Miliedill" {venom, rPois Dex+4}
 72674 | Zig:8    | Identified the Cyclopedia of the Grave
 72674 | Zig:8    | Identified the Almanac of the Pit
 72720 | Zig:9    | Entered Level 9 of a ziggurat
 72729 | Zig:9    | Identified the +7 quarterstaff of Oenomania {antimagic, rF+
                  | Int+2}
 72819 | Zig:10   | Entered Level 10 of a ziggurat
 72830 | Zig:10   | Reached XP level 25. HP: 177/177 MP: 27/55
 72833 | Zig:10   | Reached skill level 10 in Stealth
 72891 | Zig:10   | Identified the Writings on Algid Fire
 72911 | Zig:11   | Entered Level 11 of a ziggurat
 72920 | Zig:11   | Noticed an ancient lich
 72921 | Zig:11   | Noticed a dread lich
 72924 | Zig:11   | Noticed an ancient lich
 72925 | Zig:11   | Noticed an ancient lich
 72925 | Zig:11   | Noticed a dread lich
 72926 | Zig:11   | Killed an ancient lich
 72930 | Zig:11   | Identified the +5 plate armour of the Harp {rN++ Str+4}
 72935 | Zig:11   | Killed a dread lich
 72935 | Zig:11   | Killed an ancient lich
 72938 | Zig:11   | Killed a dread lich
 72942 | Zig:11   | Killed an ancient lich
 72943 | Zig:11   | Identified the +0 leather armour of Incorporation {Dex+4}
 73021 | Zig:12   | Entered Level 12 of a ziggurat
 73030 | Zig:12   | Noticed Dingo the pandemonium lord
 73033 | Zig:12   | Identified Lokoid's Volume of Geology and Calling
 73036 | Zig:12   | Killed Dingo the pandemonium lord
 73071 | Zig:12   | Identified the +5 long sword of Supply {pain, Int+5 Stlth+}
 73206 | Zig:13   | Entered Level 13 of a ziggurat
 73218 | Zig:13   | Identified the +6 flail "Fobodd" {freeze, rC+ Str+8}
 73220 | Zig:13   | Identified the +4 dagger "Killer Bee's Peril" {spect, rElec
                  | MP+9 Dex-4 Stlth+}
 73221 | Zig:13   | Identified the +9 falchion of the Open Hand {flame, rCorr
                  | MP+9 Int-5 Stlth+}
 73221 | Zig:13   | Identified the +11 quarterstaff "Woarchynt" {freeze, Str+4}
 73221 | Zig:13   | Identified Eforph's Anthology of Viperous Dark Rituals
 73407 | Zig:14   | Entered Level 14 of a ziggurat
 73417 | Zig:14   | Found the macabre finger necklace {rN+}
 73418 | Zig:14   | Identified the +10 whip "Gugovveg" {vorpal, rPois Int+4}
 73418 | Zig:14   | Identified the +8 lajatang of Zuopse {vorpal, Contam rElec
                  | Str-4 Int+8}
 73423 | Zig:14   | Noticed Dosen the pandemonium lord
 73425 | Zig:14   | Reached skill level 5 in Staves
 73430 | Zig:14   | Killed Dosen the pandemonium lord
 73532 | Zig:15   | Entered Level 15 of a ziggurat
 73542 | Zig:15   | Identified the ring "Lepug" {rC+ AC+4}
 73634 | Zig:16   | Entered Level 16 of a ziggurat
 73644 | Zig:16   | Noticed an ancient lich
 73658 | Zig:17   | Entered Level 17 of a ziggurat
 73673 | Zig:17   | Identified the +3 chain mail "Huemnetrirr" {Int+6}
 73673 | Zig:17   | Identified the +11 mace of the Dead {speed, rC++ Will+ MP-9
                  | Stlth+}
 73673 | Zig:17   | Identified the +1 war axe of Vielesch {vamp, Str+3}
 73676 | Zig:17   | Killed from afar by a hellion

Illustrated notes

Levels and vault maps discovered:
D:1:      kb_arrival_jail, layout_basic, nicolae_concentric_dashed_squares_wild,
          kennysheep_minor_cross, minivault_19
D:2:      layout_loops_ring, shapermc_ecumenical_altar_acropolis, basic_altar,
          roderic_malta_cross
D:3:      layout_basic, nicolae_overflow_quartered_altars
D:4:      layout_basic
D:5:      layout_basic
D:6:      layout_basic, minmay_temple_entry_glass, uniq_grinder
D:7:      cheibrodos_iron_armory, layout_basic,
          nicolae_ru_great_annihilating_truth, makhleb_grotto_becter,
          nemelex_xobeh_ov_fountains_minmay, gammafunk_ghost_nasty_kobolds,
          uniq_duvessa
D:8:      layout_loops_corners, fedhas_altar_3, st_stairs_11
D:9:      layout_roguey, nicolae_gozag_cash_rules_everything_around_me,
          mainiacjoe_overflow_brackets, worldfamousw_hep_ancestral_shrine
D:10:     kennysheep_seaside_town, layout_layer_cave,
          nicolae_overflow_crystal_walls, lair_entry_dummy, hiddenorc2_lemuel,
          uniq_maggie, uniq_nergalle
D:11:     layout_irregular_city, gauntlet_entry_generic, grunt_ministairs_9,
          st_stairs_3, nrook_campfire, dk_noncrumbling_3,
          nicolae_yredelemnul_ghost_church
D:12:     layout_loops_ring, serial_shops, nicolae_lakefront_shop,
          nicolae_wu_jian_immortal_techniques, uniq_maurice, uniq_azrael
D:13:     layout_irregular_city, david_vaults_2, gammafunk_ghost_necromancy,
          uniq_erolcha, uniq_rupert, uniq_nessos
D:14:     wad_guarded_room, layout_basic, serial_curves, eino_curves_04,
          eino_curves_02, minmay_stone_trees_small, uniq_josephine, uniq_agnes
D:15:     gammafunk_enter_depths_forms, layout_basic, serial_shops, shop,
          dreamdust_princess_corridor, enter_trove_1, uniq_louise
Lair:1:   layout_roguey, nicolae_lair_liquid_snakes, grunt_megastairs_5
Lair:2:   layout_long_grid, nicolae_swamp_entry_splash_gauntlet,
          spider_nest_entry_funnel_web, wad_woods_02, uniq_sonja
Lair:3:   nzn_winding_woodlands_huge [nzn_winding_woodlands_5x15_concentric,
          nzn_winding_woodlands_5x15_sidewinder,
          nzn_winding_woodlands_5x15_crooked, nzn_winding_woodlands_5x15_pool,
          nzn_winding_woodlands_5x15_river_crossing,
          nzn_winding_woodlands_5x15_pathside_ponds,
          nzn_winding_woodlands_5x15_zeroes,
          nzn_winding_woodlands_5x15_split_checker,
          nzn_winding_woodlands_5x15_sawtooth, nzn_winding_woodlands_5x15_cabin,
          nzn_winding_woodlands_center_pierced_h,
          nzn_winding_woodlands_center_lodge,
          nzn_winding_woodlands_15x15_eel_pit], layout_regular_city,
          cheibrodos_lair_reptile_den
Lair:4:   layout_hall_layers, minmay_slime_entry_pillars, grunt_megastairs_2,
          serial_bayou_shore_b
Lair:5:   gammafunk_lair_ancient_temple, layout_layer_cave, dreamdust_wasp_nest
Swamp:1:  layout_basic_swamp, evilmike_swamp_ruin_house_5,
          infiniplex_staircase_pool
Swamp:2:  layout_basic_swamp, nicolae_swamp_well_well_well,
          infiniplex_staircase_pool_2, uniq_donald
Swamp:3:  layout_basic_swamp, evilmike_swamp_ruin_rubble_2, swamp_pool4
Swamp:4:  swamp_fiery, layout_basic_swamp
Spider:1: layout_cave_pods, uniq_kirke, uniq_asterion
Spider:2: layout_spider_delve
Spider:3: layout_spider_delve, uniq_mara
Spider:4: grunt_spider_rune_circles
Slime:1:  layout_caves, nicolae_slime_phagocytosis
Slime:2:  layout_caves, cheibrodos_slime_lost_civilization_4
Slime:3:  layout_caves
Slime:4:  layout_caves
Slime:5
Orc:1:    nicolae_orc_accident_1, layout_caves
Orc:2:    pf_orc_diabolical, layout_caves, serial_shops,
          nicolae_shop_statue_plus, elf_legates
Elf:1:    minmay_elf_arrival_plus, layout_loops_corners, minmay_elf_demonology,
          lemuel_upstairs_altar
Elf:2:    nicolae_elf_blades_splatter_lattice [nicolae_blade_entry_pointy_end],
          layout_gridlike, portal_desolation_entry_garden
Elf:3:    minmay_elf_hall_dome, layout_geoelf_octagon, ebering_ghost_gozag,
          minivault_25_ag, uniq_roxanne
Vaults:1: ontoclasm_vaults_idyll, grunt_vaults_funnel,
          grunt_vaults_hallway_long, v_rooms_6, v_misc_15,
          nicolae_vaults_little_squares_6, vaults_room_door_ring,
          vaults_dpeg_encased_lava, layout_vaults_quadrants
Vaults:2: nicolae_vaults_arrows, nicolae_vaults_yaktaur_gun_rack,
          hangedman_vaults_stream, v_pattern_2, hangedman_vaults_slice,
          hangedman_vaults_corner_blocks, vaults_room_semicircle,
          layout_vaults_chaotic_city, serial_shops, shop
Vaults:3: v_misc_11, st_greater_box_1, ontoclasm_vaults_twist,
          ontoclasm_vaults_pinch, v_misc_26, minmay_crypt_entry_simple_walls,
          vaults_room_pools, layout_vaults_maze_snakey
Vaults:4: nicolae_vaults_little_squares_1, hangedman_vaults_trim, v_pattern_4,
          ontoclasm_vaults_loading_screen, nicolae_vaults_shelves_hall,
          vaults_room_hallway, dpeg_vaults_monster_row, v_misc_16,
          hangedman_vaults_restitches, v_rooms_2,
          nicolae_vaults_border_crossing, ontoclasm_vaults_shout,
          v_alt_pattern_1, v_misc_23, layout_vaults_omnibox
Crypt:1:  layout_gridlike, gammafunk_ghost_crypt
Crypt:2:  layout_rooms, uniq_boris, uniq_sojobo, uniq_khufu
Crypt:3:  cryptofortress_bobbens, uniq_josephina
Depths:1: layout_basic, grunt_decor_one_mirror, serial_shops, bzr_entry_water,
          hell_entry, grunt_tough_drop
Depths:2: minmay_the_grid_octo_tiled_squarecenter
          [minmay_the_grid_octo_fat_diamond, minmay_the_grid_octo_teeth,
          minmay_the_grid_octo_shrine, minmay_the_grid_octo_pinwheel,
          minmay_the_grid_square_5x5_megaprize_open,
          minmay_the_grid_square_5x5_meh, minmay_the_grid_square_5x5_three,
          minmay_the_grid_square_5x5_doubleslash,
          minmay_the_grid_square_5x5_bracketed], layout_gridlike,
          grunt_hell_entry_dis_grunt, hex_medium, pan_entry, minivault_16
Depths:3: grunt_deathspiral_large, layout_small_grid, hell_entry,
          reono_crystal_passage, abyss_entry_small_statue_room, serial_shops,
          kennysheep_mini_moat, shop, patterned_corridor, uniq_saint_roka,
          uniq_mennas
Depths:4: grunt_zot_entry_funnels, layout_small_grid, enter_ziggurat_e,
          hangedman_geh_valley, serial_sigils_hangedman_gnaw, minmay_shop_star
Zig:17

Skill      XL: |  1  2  3  4  5  6  7  8  9 10 11 12 13 14 15 16 17 18 19 20 21 22 23 24 25 |
---------------+----------------------------------------------------------------------------+-----
Stealth        | 3 4 9 13 | 13.0
Air Magic      | 1 |  1.0
Poison Magic   | 4 5 6 7 8 |  8.7
Fighting       | 1 2 4 5 6 7 9 10 11 13 14 15 16 17 | 17.6
Conjurations   | 1 4 7 8 11 13 | 13.0
Spellcasting   | 4 5 7 9 10 11 13 14 16 17 20 | 20.4
Necromancy     | 5 6 7 8 10 12 13 18 22 24 | 24.0
Transmutations | 4 6 7 |  7.8
Dodging        | 4 7 10 12 13 14 15 16 19 21 24 | 24.8
Fire Magic     | 5 8 11 13 15 16 17 18 | 18.9
Shields        | 4 8 11 | 11.1
Armour         | 2 4 6 |  6.6
Staves         | 1 3 8 |  8.5

Action                   |  1- 3 |  4- 6 |  7- 9 | 10-12 | 13-15 | 16-18 | 19-21 | 22-24 | 25-27 || total
-------------------------+-------+-------+-------+-------+-------+-------+-------+-------+-------++-------
Melee: Unarmed           |     1 |       |       |       |       |       |       |       |       ||     1
       Dagger            |    33 |    44 |    18 |       |       |       |       |       |       ||    95
       Punch             |       |     1 |     2 |     2 |       |       |       |       |       ||     5
       Staff             |       |       |   133 |   120 |   125 |    82 |    84 |   383 |     6 ||   933
 Cast: Sting             |    72 |    13 |    73 |       |       |       |       |       |       ||   158
       Poisonous Vapours |    17 |    67 |    33 |       |       |       |       |       |       ||   117
       Olgreb's Toxic Ra |       |     2 |    46 |   127 |   195 |    77 |       |       |       ||   447
       Mephitic Cloud    |       |       |     9 |    25 |     8 |     1 |       |       |       ||    43
       Dispel Undead     |       |       |    12 |    10 |    32 |    17 |    20 |   229 |     3 ||   323
       Sublimation of Bl |       |       |     5 |    11 |    23 |    29 |    38 |    47 |     5 ||   158
       Irradiate         |       |       |       |    22 |    67 |    46 |    36 |    55 |     5 ||   231
       Ignite Poison     |       |       |       |    61 |   150 |    87 |     7 |       |       ||   305
       Eringya's Noxious |       |       |       |       |     1 |    83 |    27 |     4 |     1 ||   116
       Ignition          |       |       |       |       |       |    66 |   115 |    96 |    25 ||   302
       Starburst         |       |       |       |       |       |    35 |     5 |    17 |       ||    57
       Orb of Destructio |       |       |       |       |       |    13 |   142 |    78 |       ||   233
       Death Channel     |       |       |       |       |       |     5 |    28 |    16 |     5 ||    54
       Infestation       |       |       |       |       |       |       |       |    39 |     8 ||    47
       Necromutation     |       |       |       |       |       |       |       |    17 |     7 ||    24
Invok: Curse Item        |       |     1 |     4 |     2 |     4 |     3 |     3 |       |     1 ||    18
       Shatter the Chain |       |       |     1 |       |     2 |     2 |     2 |     1 |       ||     8
 Abil: End Transformatio |       |       |       |       |       |       |       |     1 |     2 ||     3
Evoke: Wand              |       |       |     7 |     4 |     5 |     2 |       |       |       ||    18
  Use: Scroll            |     1 |     5 |     1 |     2 |     8 |     7 |     3 |     5 |     5 ||    37
       Potion            |       |     1 |     5 |       |     1 |     8 |     3 |     5 |       ||    23
 Stab: Sleeping          |       |     2 |       |     2 |     3 |     1 |     2 |     8 |       ||    18
       Confused          |       |       |     2 |     2 |       |       |       |       |       ||     4
       Distracted        |       |       |       |     1 |     1 |     2 |     4 |     3 |     1 ||    12
Armor: Robe              |     1 |       |       |       |       |       |       |       |       ||     1
       Leather armour    |    29 |    15 |    83 |    66 |    91 |   130 |       |       |       ||   414
       Troll leather arm |       |       |       |       |       |     6 |    59 |   186 |    24 ||   275
Dodge: Dodged            |    45 |    23 |   117 |   158 |   253 |   407 |   229 |  1015 |    57 ||  2304
Block: Buckler           |       |       |       |    13 |   102 |   162 |     5 |       |       ||   282
       Kite shield       |       |       |       |       |       |       |   196 |   673 |    39 ||   908
       Reflection        |       |       |       |       |       |       |    28 |     8 |     2 ||    38

Table legend: (Time is in decaauts)
 A = Elapsed time spent in this place.
 B = Non-inter-level travel time spent in this place.
 C = Inter-level travel time spent in this place.
 D = Time resting spent in this place.
 E = Time spent auto-exploring this place.
 F = Levels seen in this place.
 G = Mean time per level.
                   A        B        C        D        E       F      G
               +--------+--------+--------+--------+--------+-----+--------+
         Total |  74223 |  70072 |   4151 |   3066 |  55223 |  68 | 1091.5 |
       Dungeon |  23585 |  22187 |   1398 |    969 |  18018 |  15 | 1572.3 |
          Lair |   5836 |   5259 |    577 |    277 |   4094 |   5 | 1167.2 |
         Swamp |   4512 |   4252 |    260 |     76 |   3390 |   4 | 1128.0 |
   Spider Nest |   6841 |   6631 |    210 |    173 |   5290 |   4 | 1710.2 |
    Slime Pits |    952 |    877 |     75 |     99 |    452 |   5 |  190.4 |
  Orcish Mines |   3779 |   3474 |    305 |    205 |   2650 |   2 | 1889.5 |
   Elven Halls |   5960 |   5597 |    363 |    493 |   4354 |   3 | 1986.7 |
        Vaults |   8437 |   7951 |    486 |      0 |   6740 |   4 | 2109.2 |
         Crypt |   4530 |   4431 |     99 |    293 |   3296 |   3 | 1510.0 |
        Depths |   8224 |   7849 |    375 |      2 |   6464 |   4 | 2056.0 |
      Ziggurat |   1391 |   1391 |      0 |    479 |    405 |  17 |   81.8 |
        Bazaar |    151 |    151 |      0 |      0 |     68 |   1 |  151.0 |
    Desolation |     21 |     21 |      0 |      0 |      0 |   1 |   21.0 |
               +--------+--------+--------+--------+--------+-----+--------+

Top non-repeatable levels by time:
   Orc:2: 2818 daAuts
   Elf:1: 2574 daAuts
Depths:2: 2570 daAuts
    D:10: 2546 daAuts
Vaults:2: 2545 daAuts
  Lair:2: 2092 daAuts
Depths:4: 2004 daAuts
Vaults:4: 2000 daAuts
    D:14: 1960 daAuts
Vaults:3: 1956 daAuts
Spider:3: 1939 daAuts
Vaults:1: 1934 daAuts
 Crypt:1: 1869 daAuts
    D:12: 1868 daAuts
Depths:1: 1843 daAuts
